Cogmind - Beta 10.2 @@@ ROGUE MODE // 2021.12.26 @ 17:28:44 Player: Jezoensis Result: Self-destructed Performance ------------- Evolutions (7) 3500 Regions Visited (20) 4000 Robots Destroyed (210) 1050 Value Destroyed (7086) 7086 Prototype IDs (51) 1020 Alien Tech Used (1) 200 Bonus (1857) 1857 TOTAL SCORE: 18713 Bonus ------- High Alert Combat Kills 439 Follower Combat Kills 135 Entered Garrisons 200 Used RIF Installer 500 Aligned with FarCom 300 Met Zhirov 300 Friendly Fire -17 Cogmind --------- Core Integrity 1107/1300 Matter 249/300 Energy 306/340 System Corruption 3% Temperature Cool (144) Movement Immobile (Siege) Location -3/Research Parts ------- > --- POWER (1) -------- Heavy Antimatter Reactor > --- PROPULSION (4) --- Improved Heavy Treads Armored Heavy Treads > --- UTILITY (11) ----- Advanced Heat Sink Large Storage Unit Large Storage Unit Large Storage Unit Large Storage Unit Experimental Optical Array Advanced Signal Interpreter Advanced Terrain Scan Processor Improved Weapon Cycler Improved Transmission Jammer > --- WEAPON (5) ------- Quantum Rifle Nova Cannon Coil Gun Coil Gun Railgun > --- INVENTORY (28) --- Micro Fission Core Particle Reactor Improved Heavy Treads Biometal Medium Treads Armored Heavy Treads Advanced Heavy Treads Advanced Heat Sink Advanced Cooling System Experimental Coolant Injector High-capacity Storage Unit Matter Compressor (250) Improved Matter Compressor (300) Advanced Terrain Scanner Advanced Terrain Scanner Improved Kinecellerator Improved Kinecellerator Weapon Cycler Weapon Cycler Transmission Jammer System Backup Module Long-range Tractor Beam Light Antimatter Cannon Light Antimatter Cannon Tiamat Missile Launcher Peak State ------------ > --- POWER ------------ Heavy Antimatter Reactor > --- PROPULSION ------- Improved Heavy Treads Armored Heavy Treads > --- UTILITY ---------- Advanced Heat Sink Advanced Cooling System Large Storage Unit Large Storage Unit Large Storage Unit Large Storage Unit Experimental Optical Array Advanced Signal Interpreter Advanced Terrain Scan Processor Advanced Armor Integrity Analyzer Improved Transmission Jammer > --- WEAPON ----------- Quantum Rifle Nova Cannon Coil Gun Coil Gun Light Antimatter Cannon > --- INVENTORY -------- Micro Fission Core Particle Reactor Improved Heavy Treads Biometal Medium Treads Armored Heavy Treads Advanced Heavy Treads Experimental Coolant Injector High-capacity Storage Unit Matter Compressor Improved Matter Compressor Advanced Terrain Scanner Advanced Terrain Scanner Improved Kinecellerator Improved Kinecellerator Weapon Cycler Weapon Cycler Improved Weapon Cycler Transmission Jammer System Backup Module Long-range Tractor Beam Railgun Light Antimatter Cannon Tiamat Missile Launcher [Rating: 128] Favorites ----------- Power Angular Momentum Engine Engine Angular Momentum Engine Power Core Micro Fission Core Reactor Heavy Antimatter Reactor Propulsion Light Treads Treads Light Treads Utility Large Storage Unit Device Advanced Terrain Scanner Storage Large Storage Unit Processor Advanced Visual Processing Unit Hackware System Shield Protection Improved Power Shielding Weapon Heavy Assault Rifle Energy Gun Heavy Particle Gun Energy Cannon Guided Plasma Cannon Ballistic Gun Heavy Assault Rifle Ballistic Cannon Advanced Assault Cannon Launcher Shock Bomb Launcher Special Weapon Mining Laser Slashing Weapon Phasing Sabre Build | -11 -10 -10 -9 -9 -9 -8 -8 -8 -8 -7 -6 -5 -5 -5 -4 -4 -4 -4 -3 -3 ------- Run | Scr Mat Min Mat Min Exi Min Mat Gar Mat Fac Fac Fac Upp Upp Fac Upp Upp Zhi Pro Res Slots Evolved 14 | . . . 2 . . . 2 . . 2 2 2 . . 2 . . . . 2 Power . | . . . . . . . . . . . . . . . . . . . . . Propulsion 2 | . . . 1 . . . . . . . 1 . . . . . . . . . Utility 9 | . . . 1 . . . 1 . . 1 1 2 . . 1 . . . . 2 Weapon 3 | . . . . . . . 1 . . 1 . . . . 1 . . . . . Parts Attached 438 | 8 6 2 23 2 2 1 54 . 3 76 30 35 24 13 63 17 11 7 6 55 Power 15 | 2 . . 5 . . . 1 . . 3 1 . . . 2 . . 1 . . Engine 10 | 2 . . 3 . . . 1 . . 3 1 . . . . . . . . . Core 4 | . . . 2 . . . . . . . . . . . 2 . . . . . Reactor 1 | . . . . . . . . . . . . . . . . . . 1 . . Propulsion 56 | 2 . . 4 . . . 11 . 2 10 6 3 . . 10 . 2 1 . 5 Treads 56 | 2 . . 4 . . . 11 . 2 10 6 3 . . 10 . 2 1 . 5 Leg . | . . . . . . . . . . . . . . . . . . . . . Wheel . | . . . . . . . . . . . . . . . . . . . . . Hover . | . . . . . . . . . . . . . . . . . . . . . Flight . | . . . . . . . . . . . . . . . . . . . . . Utility 203 | 2 1 . 3 . 2 1 17 . . 30 15 19 16 8 35 11 5 5 2 31 Device 155 | 1 . . . . 1 . 8 . . 19 12 16 16 8 31 9 5 2 2 25 Storage 20 | 1 1 . 2 . 1 1 2 . . 5 . . . . 2 . . 2 . 3 Processor 9 | . . . . . . . 2 . . 2 2 . . . . 1 . . . 2 Hackware 9 | . . . . . . . 1 . . 3 1 3 . . . . . . . 1 Protection 10 | . . . 1 . . . 4 . . 1 . . . . 2 1 . 1 . . Artifact . | . . . . . . . . . . . . . . . . . . . . . Weapon 164 | 2 5 2 11 2 . . 25 . 1 33 8 13 8 5 16 6 4 . 4 19 Energy Gun 58 | . 3 1 2 . . . 9 . . 11 2 5 4 2 7 1 3 . 2 6 Energy Cannon 32 | . . . . . . . 4 . 1 9 3 2 . . 3 2 . . 2 6 Ballistic Gun 39 | 2 . . 6 1 . . 7 . . 9 3 2 1 . 3 1 1 . . 3 Ballistic Cannon 10 | . . . . . . . . . . 3 . 2 . 2 . . . . . 3 Launcher 18 | . 2 . 1 . . . 3 . . 1 . 2 3 1 2 2 . . . 1 Special Weapon 3 | . . 1 2 . . . . . . . . . . . . . . . . . Impact Weapon . | . . . . . . . . . . . . . . . . . . . . . Slashing Weapon 4 | . . . . 1 . . 2 . . . . . . . 1 . . . . . Piercing Weapon . | . . . . . . . . . . . . . . . . . . . . . Special Melee Weapon . | . . . . . . . . . . . . . . . . . . . . . Unidentified Prototypes 14 | . . . 2 . . . . . . 3 . 1 . . . . . 5 . 3 Parts Lost 30 | . . . 2 . . . 3 . . 1 . 4 2 . 4 1 3 . . 10 Power . | . . . . . . . . . . . . . . . . . . . . . Propulsion 11 | . . . 1 . . . . . . . . 3 . . 3 . 2 . . 2 Utility 2 | . . . . . . . . . . 1 . . . . . . . . . 1 Weapon 17 | . . . 1 . . . 3 . . . . 1 2 . 1 1 1 . . 7 Highest Loss Streak 5 | . . . 1 . . . 2 . . 1 . 2 1 . 1 1 3 . . 5 Average Slot Usage (%) 97 | . 100 100 94 100 100 100 99 100 100 99 99 99 99 100 95 93 93 86 94 90 Engine 5 | . 14 14 5 11 11 11 9 9 9 7 6 5 5 5 . . . . . . Core 1 | . . . 5 . . . . . . . . . . . 4 5 5 2 . . Treads 22 | . 28 28 28 33 33 33 27 27 27 23 25 22 23 23 16 15 14 15 15 9 Device 9 | . 14 14 11 11 11 11 7 9 9 4 5 7 11 11 13 9 10 2 10 12 Storage 18 | . 14 14 17 22 22 22 18 18 18 15 20 17 17 17 19 21 21 21 21 19 Processor 11 | . . . . . . . 9 9 9 14 13 17 17 17 12 15 15 15 15 19 Energy Gun 5 | . 12 13 2 . . . 4 9 6 6 10 7 6 3 3 5 5 5 4 4 Energy Cannon 1 | . . . . . . . 3 . 2 3 1 2 . . . 3 1 . . 1 Ballistic Gun 16 | . 15 14 19 21 22 22 17 18 18 18 13 11 11 17 20 14 18 21 21 13 Naked Turns . | . . . . . . . . . . . . . . . . . . . . . Heaviest Build 135 | 14 18 18 48 47 47 63 57 50 57 74 84 85 83 86 120 127 117 126 130 135 Greatest Support 145 | 40 40 40 60 60 60 60 60 60 60 72 92 94 94 94 128 128 128 126 126 145 Greatest Overweight (x) 1 | . . . . . . 1 . . . 1 1 1 . . . . . . 1 1 Average Overweight (x) . | . . . . . . . . . . . . . . . . . . . . . Largest Inventory Capacity 30 | 6 8 8 16 16 16 18 18 16 16 22 22 22 22 22 30 30 30 30 30 30 Average Capacity 20 | 4 7 8 13 16 16 16 16 16 16 16 22 22 22 22 26 30 30 30 30 29 Most Carried 30 | 4 7 6 16 16 16 17 16 16 16 20 22 22 22 21 30 30 30 30 30 30 Average Carried 19 | 2 5 6 12 15 15 16 15 16 15 16 20 21 21 21 24 29 29 29 30 25 Final Capacity 30 | 6 8 8 16 16 16 18 16 16 16 22 22 22 22 22 30 30 30 30 30 28 Final Carried 30 | 4 6 6 16 16 16 17 16 16 16 20 22 18 21 21 30 29 30 30 30 27 Class Distribution -------------------- 26% | Scavenger-Mutant 21% | Hauler-Skirmisher 19% | Scavenger-Skirmisher 15% | Hauler-Mutant 13% | Mutant 3% | Skirmisher Dominant Class ---------------- Mutant | -10/Materials Mutant | -10/Mines Scavenger-Mutant | -9/Materials Scavenger-Mutant | -9/Mines Scavenger-Mutant | -9/Exiles Scavenger-Skirmisher | -8/Mines Scavenger-Skirmisher | -8/Materials Scavenger-Skirmisher | -8/Garrison Scavenger-Skirmisher | -8/Materials Scavenger-Mutant | -7/Factory Hauler-Skirmisher | -6/Factory Hauler-Mutant | -5/Factory Hauler-Skirmisher | -5/Upper Caves Hauler-Skirmisher | -5/Upper Caves Scavenger-Skirmisher | -4/Factory Hauler-Mutant | -4/Upper Caves Scavenger-Mutant | -4/Upper Caves Scavenger-Mutant | -4/Zhirov Scavenger-Mutant | -3/Proximity Caves Hauler-Skirmisher | -3/Research Resources | -11 -10 -10 -9 -9 -9 -8 -8 -8 -8 -7 -6 -5 -5 -5 -4 -4 -4 -4 -3 -3 ----------- Run | Scr Mat Min Mat Min Exi Min Mat Gar Mat Fac Fac Fac Upp Upp Fac Upp Upp Zhi Pro Res Matter Collected 9926 | 310 248 20 672 38 35 . 882 . . 1344 618 738 469 436 1317 253 421 . 212 1913 Remotely 2685 | . . . . . . . . . . 298 310 112 214 112 301 149 130 . . 1059 Salvage Created 9733 | 159 756 . 657 11 . 21 1540 . . 1222 618 634 349 158 1136 155 330 . 40 1947 Parts 478 | 12 45 . 45 2 . 1 74 . . 72 23 34 8 4 52 21 16 . 2 67 Haulers Intercepted 14 | . 1 . 2 . . . 3 . . 4 . . . . 1 . . . . 3 Recyclers Shooed 12 | . 1 . 1 . . . 2 . . . 2 1 . . 1 . . . . 4 Parts Field Recycled . | . . . . . . . . . . . . . . . . . . . . . Retrieved Matter . | . . . . . . . . . . . . . . . . . . . . . Parts Self-Destructed 24 | . . . . . . . . . . . . . 3 3 . 16 . . 2 . Prevented 10 | . . . . . . . . . . . . . 2 . . . 8 . . . Kills | -11 -10 -10 -9 -9 -9 -8 -8 -8 -8 -7 -6 -5 -5 -5 -4 -4 -4 -4 -3 -3 ------- Run | Scr Mat Min Mat Min Exi Min Mat Gar Mat Fac Fac Fac Upp Upp Fac Upp Upp Zhi Pro Res Combat Hostiles Destroyed 140 | . 13 . 12 . . . 24 . . 11 3 11 10 5 16 14 1 . 1 19 Guns 92 | . 8 . 10 . . . 19 . . 11 3 7 3 1 10 3 . . 1 16 Cannons 3 | . . . . . . . 1 . . . . . . 1 . . . . . 1 AOE 44 | . 5 . 2 . . . 4 . . . . 4 7 3 6 11 . . . 2 Classes Destroyed 17 | 2 5 . 4 . . . 2 . . 1 . . . 1 . . 1 . . 1 Worker 7 | . 2 . . . . . . . . 4 . . . . . . . . . 1 Builder 7 | . 2 . . 1 . . . . . . . . . . 1 . . . . 3 Tunneler 5 | 4 . . . . . . . . . . . . . . . . . . . 1 Hauler 14 | . 1 . 2 . . . 3 . . 4 . . . . 1 . . . . 3 Recycler 17 | 1 1 . 2 . . . 1 . . 2 3 1 . . 3 . . . . 3 Operator 3 | . . . 1 . . . . . . 2 . . . . . . . . . . Watcher 17 | . 2 . 2 . . . 3 . . 5 1 1 . . 3 . . . . . Swarmer 48 | . . . 7 . . . 3 . . . . 5 4 4 10 14 . . 1 . Saboteur 1 | . . . . . . . . . . . . . . . . . . . . 1 Grunt 39 | . 13 . 1 . . . 10 . . 4 . . 5 . . . . . . 6 Brawler 4 | . . . 1 . . . 3 . . . . . . . . . . . . . Duelist 2 | . . . . . . . 1 . . . . . . . . . . . . 1 Sentry 23 | . . . 3 . . . 5 . . 5 1 2 1 1 3 . . . . 2 Hunter 11 | . . . . . . . 2 . . . 1 2 . . . . . . . 6 Programmer 11 | . . . . . . . . . . 2 1 2 . . 3 . . . . 3 Behemoth 1 | . . . . . . . . . . . . . . . . . 1 . . . Samaritan 6 | . . . . . . . . . . . . . . 1 . 1 4 . . . Best Kill Streak 9 | 5 5 . 5 1 . . 7 . . 6 3 5 4 4 6 9 1 . 1 9 Combat Bots Only 9 | . 4 . 5 . . . 7 . . 3 1 5 4 4 5 9 1 . 1 7 Max Kills in Single Turn 5 | 2 2 . 2 1 . . 2 . . 2 1 4 2 3 3 4 1 . 1 5 Gunslinging 1 | . . . . . . . 1 . . . . . . . 1 1 . . . 1 Exploded 4 | . 2 . 2 . . . 1 . . . . 4 2 3 3 4 . . . 2 Melee . | . . . . . . . . . . . . . . . . . . . . . Uniques/NPCs Destroyed . | . . . . . . . . . . . . . . . . . . . . . Combat | -11 -10 -10 -9 -9 -9 -8 -8 -8 -8 -7 -6 -5 -5 -5 -4 -4 -4 -4 -3 -3 -------- Run | Scr Mat Min Mat Min Exi Min Mat Gar Mat Fac Fac Fac Upp Upp Fac Upp Upp Zhi Pro Res Damage Taken 9413 | . 375 . 465 . . . 1360 . . 1085 142 841 500 143 1157 415 722 . 92 2116 Core 678 | . 63 . 62 . . . 92 . . 62 . 43 14 19 34 14 82 . . 193 Absorbed by Shields . | . . . . . . . . . . . . . . . . . . . . . Reduced by Siege Mode 257 | . . . . . . . . . . . . . . . . . 57 . . 200 Core Remaining (%) 89 | 100 . 74 . . . 84 . . 83 91 100 . . 92 . . . . 88 . Volleys Fired 523 | 5 48 1 52 1 . 2 70 . 5 77 27 43 14 15 51 14 26 . 7 65 Largest 5 | 2 2 1 2 2 . 2 3 . 3 4 4 4 4 4 5 5 5 . 5 5 Hottest 361 | 40 60 100 100 46 . 46 120 . 120 191 166 159 194 146 207 221 221 . 196 361 Shots Fired 1420 | 10 94 1 100 2 . 4 164 . 9 227 72 114 41 40 181 29 59 . 20 253 Gun 1234 | 10 89 . 96 2 . 4 141 . 6 190 61 97 33 30 168 20 57 . 16 214 Cannon 147 | . . . . . . . 14 . 3 37 11 16 . 9 9 5 2 . 4 37 Launcher 35 | . 5 . 1 . . . 9 . . . . 1 8 1 4 4 . . . 2 Special 4 | . . 1 3 . . . . . . . . . . . . . . . . . Kinetic 895 | 10 46 . 93 2 . 4 98 . 4 150 39 54 18 34 140 13 27 . 13 150 Thermal 339 | . . 1 3 . . . 14 . 5 77 33 59 15 5 19 5 2 . 4 97 Explosive 23 | . 5 . 1 . . . . . . . . 1 5 1 4 4 . . . 2 Electromagnetic 163 | . 43 . 3 . . . 52 . . . . . 3 . 18 7 30 . 3 4 Robot Hit Streak 41 | 9 12 . 9 1 . 4 17 . 3 14 21 41 13 14 26 12 24 . 3 30 Robot Miss Streak 7 | . 4 . 3 . . . 3 . 2 7 5 5 2 1 2 2 1 . 2 3 Penetration Max 2 | . . . . . . . . . . 1 . . . . 1 . . . . 2 Secondary Targets 17 | . 1 . . . . . 6 . . 2 . 2 . . 2 1 . . . 3 Max Gunslinging Chain 1 | . 1 . . . . . 1 . . 1 . 1 . . 1 1 . . . 1 Shots Hit Robots 907 | 9 59 . 63 1 . 3 111 . 3 141 44 64 32 23 118 12 49 . 6 169 Core Hits 460 | 6 35 1 28 1 . 1 64 . . 70 41 43 21 10 39 17 10 . 2 71 Critical Hits 13 | . 1 . . . . . . . . . . . . 2 5 . 3 . . 2 Critical Kills 5 | . 1 . . . . . . . . . . . . . 3 . . . . 1 Critical Parts Destroyed 5 | . . . . . . . . . . . . . . 1 2 . 1 . . 1 Melee Attacks 3 | . . . . 1 . . 2 . . . . . . . . . . . . . Impact . | . . . . . . . . . . . . . . . . . . . . . Slashing 3 | . . . . 1 . . 2 . . . . . . . . . . . . . Piercing . | . . . . . . . . . . . . . . . . . . . . . Sneak Attacks . | . . . . . . . . . . . . . . . . . . . . . Combat Hostiles . | . . . . . . . . . . . . . . . . . . . . . Follow-up Attacks . | . . . . . . . . . . . . . . . . . . . . . Damage Inflicted 24179 | 122 1344 9 1063 15 . 42 2244 . 19 2734 1130 1767 1642 805 3229 1575 1141 . 95 5203 Guns 16681 | 122 783 . 969 15 . 42 1381 . 19 2468 1009 1292 516 403 2434 217 1141 . 95 3775 Cannons 1161 | . . . . . . . 149 . . 204 113 . . 69 . . . . . 626 Explosions 6200 | . 561 . 85 . . . 711 . . . . 448 1126 333 776 1358 . . . 802 Melee . | . . . . . . . . . . . . . . . . . . . . . Ramming 137 | . . 9 9 . . . 3 . . 62 8 27 . . 19 . . . . . Kinetic 10844 | 122 327 . 925 15 . 42 783 . . 1721 674 644 239 391 1865 117 599 . 52 2328 Thermal 5368 | . 242 . . . . . 463 . 19 951 448 648 277 81 242 . . . . 1997 Explosive 4982 | . 319 . 85 . . . . . . . . 448 861 333 776 1358 . . . 802 Electromagnetic 2848 | . 456 . 44 . . . 995 . . . . . 265 . 327 100 542 . 43 76 Impact . | . . . . . . . . . . . . . . . . . . . . . Slashing . | . . . . . . . . . . . . . . . . . . . . . Piercing . | . . . . . . . . . . . . . . . . . . . . . Highest Corruption 4 | . 1 1 . . . . . . . . 1 3 . . 4 . . . . 3 Average Corruption 1 | . 1 1 . . . . . . . . 1 2 . . 2 . . . . 1 Corruption Purged 10 | . . . . . . . . . . . . 3 . . 6 . . . . 1 Effects 26 | . 1 1 . . . . . . . . 1 17 . . 5 . . . . 1 Message Errors 6 | . . 1 . . . . . . . . 1 4 . . . . . . . . Matter Fused 2 | . . . . . . . . . . . . 2 . . . . . . . . Heat Flow Errors 2 | . . . . . . . . . . . . 2 . . . . . . . . Energy Discharges 3 | . . . . . . . . . . . . . . . 2 . . . . 1 Data Loss (minor) 5 | . . . . . . . . . . . . 4 . . 1 . . . . . Targeting Errors 7 | . 1 . . . . . . . . . . 4 . . 2 . . . . . Weapon Failures 1 | . . . . . . . . . . . . 1 . . . . . . . . Overload Shots 5 | . . . . . . . . . . 5 . . . . . . . . . . Overflow Damage 450 | . 1 . . . . . 77 . . . 6 70 57 . 65 112 . . . 62 Projectiles 29 | . . . . . . . 23 . . . 6 . . . . . . . . . Explosions 421 | . 1 . . . . . 54 . . . . 70 57 . 65 112 . . . 62 Melee . | . . . . . . . . . . . . . . . . . . . . . Knockbacks 3 | . . . . . . . . . . 2 . . . . . . . . . 1 Impact 1 | . . . . . . . . . . 1 . . . . . . . . . . Kinetic 2 | . . . . . . . . . . 1 . . . . . . . . . 1 Secondary . | . . . . . . . . . . . . . . . . . . . . . Self-Inflicted Damage 114 | . 50 . . . . . . . . . . . . . 64 . . . . . Shots 3 | . 2 . . . . . . . . . . . . . 1 . . . . . Rammed 14 | . . 1 2 . . . 1 . . 7 1 1 . . 1 . . . . . Targets Rammed 16 | . . 1 2 . . . 1 . . 8 1 1 . . 2 . . . . . Kicked . | . . . . . . . . . . . . . . . . . . . . . Crushed 2 | . . . . . . . . . . 1 . . . . 1 . . . . . Highest Temperature 379 | . 45 20 32 . . . 188 . 70 379 156 265 161 132 342 114 192 . 99 368 Average Temperature 61 | . 18 10 11 . . . 51 . 27 61 55 56 43 48 85 36 111 . 54 90 Received Heat Transfer 1530 | . 177 . 72 . . . 414 . . 381 24 36 156 . 63 18 72 . . 117 Effects 2 | . . . . . . . . . . . . . . . 2 . . . . . Short Circuit 2 | . . . . . . . . . . . . . . . 2 . . . . . Siege Activations 7 | . . . . . . . . . . . . . . . . . 1 . 1 5 Total Turns 140 | . . . . . . . . . . . . . . . . . 32 . 2 106 Longest Duration 55 | . . . . . . . . . . . . . . . . . 32 . 2 55 Robots Corrupted 2 | . . . . . . . . . . . . . . . . . 2 . . . Combat Hostiles 1 | . . . . . . . . . . . . . . . . . 1 . . . Parts Fried 16 | . . . . . . . 5 . . . . . . . 1 . 9 . . 1 Impact Corruptions . | . . . . . . . . . . . . . . . . . . . . . Robots Melted . | . . . . . . . . . . . . . . . . . . . . . Combat Hostiles . | . . . . . . . . . . . . . . . . . . . . . Parts Melted 16 | . . . . . . . 1 . . 4 . 2 2 . . . . . . 7 Heat Transferred 8062 | . 400 . . . . . 570 . 37 1709 869 1110 481 148 333 . . . . 2405 Parts Sabotaged . | . . . . . . . . . . . . . . . . . . . . . Parts Stolen . | . . . . . . . . . . . . . . . . . . . . . Parts Stripped . | . . . . . . . . . . . . . . . . . . . . . Power Chain Reactions 11 | . 5 . . . . . 6 . . . . . . . . . . . . . Missiles Intercepted . | . . . . . . . . . . . . . . . . . . . . . Alert | -11 -10 -10 -9 -9 -9 -8 -8 -8 -8 -7 -6 -5 -5 -5 -4 -4 -4 -4 -3 -3 ------- Run | Scr Mat Min Mat Min Exi Min Mat Gar Mat Fac Fac Fac Upp Upp Fac Upp Upp Zhi Pro Res Peak Influence 853 | 25 276 97 376 5 . 5 456 58 45 228 211 204 . . 551 . . . . 853 Initial 111 | . 16 97 37 . . . 1 58 27 20 111 51 . . . . . . . 40 Average 155 | 9 156 97 138 1 . 1 207 58 39 83 104 83 . . 209 . . . . 396 Maximum Alert Level 3 | . 1 . 1 . . . 2 . . 1 1 1 . . 2 . . . . 3 Low Security (%) 73 | 100 68 100 65 100 . 100 50 100 100 90 96 93 . . 51 . . . . 36 Level 1 15 | . 31 . 34 . . . 35 . . 9 3 6 . . 28 . . . . . Level 2 10 | . . . . . . . 13 . . . . . . . 19 . . . . 60 Level 3 . | . . . . . . . . . . . . . . . . . . . . 3 Level 4 . | . . . . . . . . . . . . . . . . . . . . . Level 5 . | . . . . . . . . . . . . . . . . . . . . . High Security . | . . . . . . . . . . . . . . . . . . . . . Max Security . | . . . . . . . . . . . . . . . . . . . . . Squads Dispatched 38 | . 6 1 4 . . . 5 . 1 6 2 1 . . 4 . . . . 8 Investigation 11 | . 2 1 2 . . . 1 . . 4 . . . . 1 . . . . . Extermination 6 | . . . . . . . . . . 2 1 . . . 2 . . . . 1 Reinforcement 15 | . 4 . 2 . . . 1 . 1 . 1 . . . 1 . . . . 5 Assault 2 | . . . . . . . . . . . . . . . . . . . . 2 Garrison 4 | . . . . . . . 3 . . . . 1 . . . . . . . . Intercept . | . . . . . . . . . . . . . . . . . . . . . Construction Impeded 3 | . . . . . . . . . . . . . . . 1 . . . . 2 Haulers Reinforced 1 | . . . . . . . . . . . . . . . . . . . . 1 Stealth | -11 -10 -10 -9 -9 -9 -8 -8 -8 -8 -7 -6 -5 -5 -5 -4 -4 -4 -4 -3 -3 --------- Run | Scr Mat Min Mat Min Exi Min Mat Gar Mat Fac Fac Fac Upp Upp Fac Upp Upp Zhi Pro Res Distress Signals 10 | . 2 . 1 . . . 2 . . . . . . . 1 . . . . 4 Communications Jammed 65 | . . . . . . . . . . . 1 5 . . 4 . . . . 55 Distress Signals 60 | . . . . . . . . . . . 1 . . . 4 . . . . 55 Times Spotted 216 | . 22 . 25 . . . 31 . 2 21 11 15 10 6 19 12 1 . 3 38 Peak Tracking Total 9 | . 6 . 6 . . . 8 . 1 4 2 5 4 5 6 9 1 . 3 5 Tactical Retreats 7 | . 1 . . . . . 2 . . . . . . 1 1 1 . . 1 . Traps | -11 -10 -10 -9 -9 -9 -8 -8 -8 -8 -7 -6 -5 -5 -5 -4 -4 -4 -4 -3 -3 ------- Run | Scr Mat Min Mat Min Exi Min Mat Gar Mat Fac Fac Fac Upp Upp Fac Upp Upp Zhi Pro Res Traps Triggered 9 | . 2 . . . . . . . . 2 2 1 . . 2 . . . . . Indirectly . | . . . . . . . . . . . . . . . . . . . . . Trap Hack Attempts . | . . . . . . . . . . . . . . . . . . . . . Triggered . | . . . . . . . . . . . . . . . . . . . . . Disarmed . | . . . . . . . . . . . . . . . . . . . . . Reprogrammed . | . . . . . . . . . . . . . . . . . . . . . Reused . | . . . . . . . . . . . . . . . . . . . . . Traps Extracted . | . . . . . . . . . . . . . . . . . . . . . Installed . | . . . . . . . . . . . . . . . . . . . . . Triggered 1 | . 1 . . . . . . . . . . . . . . . . . . . Machines | -11 -10 -10 -9 -9 -9 -8 -8 -8 -8 -7 -6 -5 -5 -5 -4 -4 -4 -4 -3 -3 ---------- Run | Scr Mat Min Mat Min Exi Min Mat Gar Mat Fac Fac Fac Upp Upp Fac Upp Upp Zhi Pro Res Machines Disabled 15 | . 1 . . . . . 5 . . 3 . 1 . . 2 . . . . 3 Max in Single Turn 1 | . 1 . . . . . 1 . . 1 . 1 . . 1 . . . . 1 Garrison Access 8 | . . . . . . . . . . 3 . 2 . . . . . . . 3 Machines Sabotaged . | . . . . . . . . . . . . . . . . . . . . . Garrisons Compromised . | . . . . . . . . . . . . . . . . . . . . . Overloaded Fab Kills . | . . . . . . . . . . . . . . . . . . . . . Fab Network Shutdowns 1 | . . . . . . . . . . . . . . . . . . . . 1 Hacking | -11 -10 -10 -9 -9 -9 -8 -8 -8 -8 -7 -6 -5 -5 -5 -4 -4 -4 -4 -3 -3 --------- Run | Scr Mat Min Mat Min Exi Min Mat Gar Mat Fac Fac Fac Upp Upp Fac Upp Upp Zhi Pro Res Machines Accessed 70 | . 3 . 10 . 1 . 10 . 1 16 3 8 1 . 7 . 1 4 . 5 Terminals 41 | . 3 . 9 . . . 8 . 1 7 3 5 . . 5 . . . . . Fabricators 6 | . . . . . . . . . . 2 . 1 . . 1 . . . . 2 Repair Stations 2 | . . . . . . . . . . 2 . . . . . . . . . . Recycling Units 4 | . . . 1 . . . . . . 2 . . . . 1 . . . . . Scanalyzers 1 | . . . . . . . 1 . . . . . . . . . . . . . Garrison Access 9 | . . . . . . . 1 . . 3 . 2 . . . . . . . 3 Total Hacks 181 | . 7 . 30 . 1 . 26 . 1 40 8 21 1 . 19 . 1 17 . 9 Successful 101 | . 4 . 16 . 1 . 11 . . 20 5 9 1 . 9 . 1 17 . 7 Failed 78 | . 3 . 13 . . . 14 . 1 20 3 12 . . 10 . . . . 2 Catastrophic 11 | . . . 1 . . . 2 . 1 6 . 1 . . . . . . . . Database Lockouts 2 | . . . 1 . . . 1 . . . . . . . . . . . . . Manual 91 | . 7 . 23 . 1 . 18 . 1 12 5 10 . . 11 . . . . 3 Terminals 120 | . 7 . 28 . . . 23 . 1 19 8 18 . . 16 . . . . . Fabricators 16 | . . . . . . . . . . 7 . 1 . . 2 . . . . 6 Repair Stations 9 | . . . . . . . . . . 9 . . . . . . . . . . Recycling Units 5 | . . . 2 . . . . . . 2 . . . . 1 . . . . . Scanalyzers 2 | . . . . . . . 2 . . . . . . . . . . . . . Garrison Access 9 | . . . . . . . 1 . . 3 . 2 . . . . . . . 3 Terminal Hacks 52 | . 1 . 9 . 1 . 6 . . 5 3 4 1 . 4 . 1 17 . . Record 6 | . . . . . . . . . . . . . . . 1 . . 5 . . Part Schematic 4 | . . . . . . . . . . . . . . . . . . 4 . . Robot Analysis 8 | . . . 1 . . . 1 . . 1 . 1 . . . . . 4 . . Prototype ID Bank 6 | . . . 1 . . . 1 . . . . . . . . . . 4 . . Open Door 2 | . . . . . . . . . . . . . 1 . . . 1 . . . Branch Access Points 3 | . . . 1 . . . . . . . . 1 . . 1 . . . . . Terminal Index 6 | . 1 . 1 . . . 1 . . 1 1 1 . . . . . . . . Unreport Threat 6 | . . . 2 . . . 2 . . . 1 . . . 1 . . . . . Locate Traps 4 | . . . 1 . . . 1 . . . 1 1 . . . . . . . . Registered Components 2 | . . . . . . . . . . 1 . . . . 1 . . . . . Zone Layout 4 | . . . 2 . . . . . . 2 . . . . . . . . . . EX-Prototype ID Bank 1 | . . . . . 1 . . . . . . . . . . . . . . . Fabricator Hacks 6 | . . . . . . . . . . 4 . . . . . . . . . 2 Network Status 1 | . . . . . . . . . . 1 . . . . . . . . . . Load Schematic 3 | . . . . . . . . . . 2 . . . . . . . . . 1 Build 2 | . . . . . . . . . . 1 . . . . . . . . . 1 Repair Station Hacks 4 | . . . . . . . . . . 4 . . . . . . . . . . Scan Component 3 | . . . . . . . . . . 3 . . . . . . . . . . Repair 1 | . . . . . . . . . . 1 . . . . . . . . . . Recycling Unit Hacks . | . . . . . . . . . . . . . . . . . . . . . Scanalyzer 2 | . . . . . . . 2 . . . . . . . . . . . . . Insert Component 1 | . . . . . . . 1 . . . . . . . . . . . . . Analyze 1 | . . . . . . . 1 . . . . . . . . . . . . . Garrison Access Hacks 9 | . . . . . . . 1 . . 3 . 2 . . . . . . . 3 Unlock Access 1 | . . . . . . . 1 . . . . . . . . . . . . . Seal Access 8 | . . . . . . . . . . 3 . 2 . . . . . . . 3 Unauthorized Hacks 28 | . 3 . 7 . . . 2 . . 4 2 3 . . 5 . . . . 2 Terminals 21 | . 3 . 6 . . . 2 . . 2 2 2 . . 4 . . . . . Track 5 | . 1 . 3 . . . . . . . . . . . 1 . . . . . Botnet 14 | . 2 . 2 . . . 2 . . 2 2 2 . . 2 . . . . . Operators 2 | . . . 1 . . . . . . . . . . . 1 . . . . . Fabricators 4 | . . . . . . . . . . . . 1 . . 1 . . . . 2 Prioritize 1 | . . . . . . . . . . . . . . . . . . . . 1 Haulers 3 | . . . . . . . . . . . . 1 . . 1 . . . . 1 Repair Stations . | . . . . . . . . . . . . . . . . . . . . . Recycling Units 3 | . . . 1 . . . . . . 2 . . . . . . . . . . Recyclers 2 | . . . 1 . . . . . . 1 . . . . . . . . . . Tunnel 1 | . . . . . . . . . . 1 . . . . . . . . . . Scanalyzers . | . . . . . . . . . . . . . . . . . . . . . Garrison Access . | . . . . . . . . . . . . . . . . . . . . . Data Cores Recovered 2 | . . . 1 . . . . . . 1 . . . . . . . . . . Used 2 | . . . 1 . . . . . . 1 . . . . . . . . . . Hacking Detections 47 | . 3 . 9 . . . 9 . 1 9 3 5 . . 7 . . . . 1 Full Trace Events 6 | . . . 2 . . . 1 . . 2 . . . . 1 . . . . . Feedback Events . | . . . . . . . . . . . . . . . . . . . . . Feedback Blocked . | . . . . . . . . . . . . . . . . . . . . . Robot Schematics Acquired . | . . . . . . . . . . . . . . . . . . . . . Robots Built . | . . . . . . . . . . . . . . . . . . . . . Matter . | . . . . . . . . . . . . . . . . . . . . . Time . | . . . . . . . . . . . . . . . . . . . . . Total Robot Build Rating . | . . . . . . . . . . . . . . . . . . . . . Part Schematics Acquired 5 | . . . . . . . 1 . . . . . . . . . . 4 . . Parts Built 2 | . . . . . . . . . . 1 . . . . . . . . . 1 Matter 464 | . . . . . . . . . . 146 . . . . . . . . . 318 Time 205 | . . . . . . . . . . 36 . . . . . . . . . 169 Total Part Build Rating 9 | . . . . . . . . . . 3 . . . . . . . . . 6 Parts Repaired 1 | . . . . . . . . . . 1 . . . . . . . . . . Time 53 | . . . . . . . . . . 53 . . . . . . . . . . Parts Recycled . | . . . . . . . . . . . . . . . . . . . . . Recycled Matter . | . . . . . . . . . . . . . . . . . . . . . Retrieved Matter . | . . . . . . . . . . . . . . . . . . . . . Retrieved Components . | . . . . . . . . . . . . . . . . . . . . . Parts Scanalyzed 1 | . . . . . . . 1 . . . . . . . . . . . . . Part Schematics Acquired 1 | . . . . . . . 1 . . . . . . . . . . . . . Parts Damaged . | . . . . . . . . . . . . . . . . . . . . . Bothacking | -11 -10 -10 -9 -9 -9 -8 -8 -8 -8 -7 -6 -5 -5 -5 -4 -4 -4 -4 -3 -3 ------------ Run | Scr Mat Min Mat Min Exi Min Mat Gar Mat Fac Fac Fac Upp Upp Fac Upp Upp Zhi Pro Res Used RIF Installer 1 | . . . . . . . . 1 . . . . . . . . . . . . Robots Hacked . | . . . . . . . . . . . . . . . . . . . . . Non-combat . | . . . . . . . . . . . . . . . . . . . . . Combat . | . . . . . . . . . . . . . . . . . . . . . Robot Hacks Applied . | . . . . . . . . . . . . . . . . . . . . . Relay Couplers Released 2 | . . . . . . . . . . 2 . . . . . . . . . . Machine Destruction 2 | . . . . . . . . . . 2 . . . . . . . . . . Robots Rewired . | . . . . . . . . . . . . . . . . . . . . . Allies Hacked . | . . . . . . . . . . . . . . . . . . . . . Hacks Repelled . | . . . . . . . . . . . . . . . . . . . . . Allies | -11 -10 -10 -9 -9 -9 -8 -8 -8 -8 -7 -6 -5 -5 -5 -4 -4 -4 -4 -3 -3 -------- Run | Scr Mat Min Mat Min Exi Min Mat Gar Mat Fac Fac Fac Upp Upp Fac Upp Upp Zhi Pro Res Total Allies 3 | . . 3 . . . . . . . . . . . . . . . . . . Largest Group 3 | . . 3 3 . . . . . . . . . . . . . . . . . Highest-Rated Group 40 | . . 40 40 . . . . . . . . . . . . . . . . . Highest-Rated Ally 16 | . . 16 16 . . . . . . . . . . . . . . . . . Total Orders . | . . . . . . . . . . . . . . . . . . . . . Ally Attacks 22 | . . . 22 . . . . . . . . . . . . . . . . . Total Damage 281 | . . . 281 . . . . . . . . . . . . . . . . . Kills 6 | . . . 6 . . . . . . . . . . . . . . . . . Allies Corrupted . | . . . . . . . . . . . . . . . . . . . . . Allies Melted . | . . . . . . . . . . . . . . . . . . . . . Intel | -11 -10 -10 -9 -9 -9 -8 -8 -8 -8 -7 -6 -5 -5 -5 -4 -4 -4 -4 -3 -3 ------- Run | Scr Mat Min Mat Min Exi Min Mat Gar Mat Fac Fac Fac Upp Upp Fac Upp Upp Zhi Pro Res Robot Analysis Total 8 | . . . 1 . . . 1 . . 1 . 1 . . . . . 4 . . Derelict Logs Recovered 6 | . . 1 . 1 . . . . . . . . 1 . . 1 2 . . . Drone Launches . | . . . . . . . . . . . . . . . . . . . . . Drone Recoveries . | . . . . . . . . . . . . . . . . . . . . . Exploration | -11 -10 -10 -9 -9 -9 -8 -8 -8 -8 -7 -6 -5 -5 -5 -4 -4 -4 -4 -3 -3 ------------- Run | Scr Mat Min Mat Min Exi Min Mat Gar Mat Fac Fac Fac Upp Upp Fac Upp Upp Zhi Pro Res Turns Passed 13987 | 83 634 333 865 279 417 51 1250 144 175 2255 722 1059 731 799 1239 503 462 225 628 1133 Spaces Moved 7337 | 44 301 202 401 169 259 26 590 92 97 1171 381 557 433 500 598 276 235 131 374 500 Core 17 | 17 . . . . . . . . . . . . . . . . . . . . Treads 7320 | 27 301 202 401 169 259 26 590 92 97 1171 381 557 433 500 598 276 235 131 374 500 Legs . | . . . . . . . . . . . . . . . . . . . . . Wheels . | . . . . . . . . . . . . . . . . . . . . . Hover . | . . . . . . . . . . . . . . . . . . . . . Flight . | . . . . . . . . . . . . . . . . . . . . . Fastest Speed 50 | 50 160 160 160 160 160 160 160 160 160 150 155 148 148 148 148 160 160 160 160 160 Average Speed 157 | 117 160 160 160 160 160 164 160 160 161 158 155 154 148 148 157 160 160 160 160 161 Slowest Speed 180 | 160 160 160 160 160 160 180 160 160 163 178 170 170 148 148 160 160 160 160 180 180 Overloaded Moves . | . . . . . . . . . . . . . . . . . . . . . Propulsion Burnouts . | . . . . . . . . . . . . . . . . . . . . . Robots Hopped . | . . . . . . . . . . . . . . . . . . . . . Cave-ins Triggered . | . . . . . . . . . . . . . . . . . . . . . Exploration Rate (%) 42 | 4 62 43 62 37 65 15 62 25 17 44 14 17 78 70 23 58 46 60 64 18 Regions Visited 20 Branch Regions 10 Pre-discovered Areas 4 | . . . . . . . . . . 1 . . . . . . . 3 . . Known Exits Taken 12 | . . . 1 . . . 1 . 1 . 1 1 1 1 1 1 1 1 1 . Unknown Exits Taken 7 | 1 1 1 . 1 1 1 . . . 1 . . . . . . . . . . Scrap Searched 12 | . . 2 . 1 . . . . . . . . 3 2 . . 3 . 1 . Spaces Dug 92 | . . 1 3 1 . . 11 . 3 19 8 12 . 4 9 5 2 . 4 10 Terrain Destroyed 501 | . 51 1 13 1 . . 51 . 3 26 8 28 60 28 77 73 4 . 10 67 Melee 3 | . . . . 1 . . 2 . . . . . . . . . . . . . Projectile 147 | . . 1 3 . . . 10 . 3 26 8 16 . 7 21 9 4 . 10 29 AOE 351 | . 51 . 10 . . . 39 . . . . 12 60 21 56 64 . . . 38 Terrain Rammed . | . . . . . . . . . . . . . . . . . . . . . Walls Destroyed . | . . . . . . . . . . . . . . . . . . . . . Machines Disabled . | . . . . . . . . . . . . . . . . . . . . . Actions | -11 -10 -10 -9 -9 -9 -8 -8 -8 -8 -7 -6 -5 -5 -5 -4 -4 -4 -4 -3 -3 --------- Run | Scr Mat Min Mat Min Exi Min Mat Gar Mat Fac Fac Fac Upp Upp Fac Upp Upp Zhi Pro Res Total 8686 | 64 359 207 519 174 263 31 759 90 109 1393 449 677 488 528 781 308 279 146 388 674 Wait 100 | . . 2 1 . . . 4 . 2 15 4 23 11 1 13 . 5 . 2 17 Move 7316 | 43 300 201 400 168 258 25 589 90 96 1170 380 556 432 499 597 275 234 130 373 500 Hop . | . . . . . . . . . . . . . . . . . . . . . Pick Up 141 | 7 2 . 22 1 1 2 16 . 1 19 6 10 6 . 29 1 2 1 . 15 Fast Attach 55 | 4 1 . 7 . . . 4 . . 12 5 3 . . 5 . 2 7 . 5 Attach 70 | 4 . . 5 . 1 . 12 . 1 5 2 7 2 . 15 1 2 . . 13 Detach 18 | 1 1 . 3 . . . . . . 1 . 1 . . 5 . . . . 6 Swap 315 | . 5 2 11 2 1 1 38 . 2 59 23 25 22 13 43 16 7 1 6 38 Drop 129 | . 2 . 16 1 2 1 23 . 2 27 1 8 1 . 21 1 1 7 . 15 Fire 523 | 5 48 1 52 1 . 2 70 . 5 77 27 43 14 15 51 14 26 . 7 65 Melee 3 | . . . . 1 . . 2 . . . . . . . . . . . . . Ram . | . . . . . . . . . . . . . . . . . . . . . Kick . | . . . . . . . . . . . . . . . . . . . . . Crush 16 | . . 1 2 . . . 1 . . 8 1 1 . . 2 . . . . . Escape Stasis . | . . . . . . . . . . . . . . . . . . . . . Rewire . | . . . . . . . . . . . . . . . . . . . . . Trap . | . . . . . . . . . . . . . . . . . . . . . Miscellaneous . | . . . . . . . . . . . . . . . . . . . . . Route ------- -11/Scrapyard -10/Materials (discovered 3 exits: *Mat / [*Min x2]) -10/Mines -9/Materials (discovered 3 exits: *Mat / *Min / *Sto) -9/Mines -9/Exiles -8/Mines -8/Materials (discovered 2 exits: *Fac / Gar) -8/Garrison -8/Materials -7/Factory (discovered 2 exits: *Fac / [*Low]) -6/Factory -5/Factory (discovered 2 exits: *Upp x2) -5/Upper Caves -5/Upper Caves (discovered 2 exits: *Fac / *War) -4/Factory (discovered 5 exits: *Upp x2 / Ext x2 / Arm) -4/Upper Caves -4/Upper Caves -4/Zhirov -3/Proximity Caves -3/Research (discovered 2 exits: Res / Tes) History --------- Turn | Location | Event 13 | -11/Scrapyard | Discovered new exit (range 16) 84 | -11/Scrapyard | Entered Materials 137 | -10/Materials | Discovered new exit (range 16) 202 | -10/Materials | Discovered new exit (range 15) 309 | -10/Materials | Build established: Mutant 550 | -10/Materials | Discovered new exit (range 16) 718 | -10/Materials | Entered Mines 735 | -10/Mines | Met a Derelict shopkeep closing up shop 763 | -10/Mines | Met a Derelict bent on vengeance 814 | -10/Mines | Learned Materials trap positions 844 | -10/Mines | Assisted by bots powering up and referring to "LRC-V3" 897 | -10/Mines | Found a hidden stash of uninstalled traps 1039 | -10/Mines | Discovered new exit (range 7) 1051 | -10/Mines | Entered Materials 1051 | -9/Materials | Accompanied by 3 allies 1051 | -9/Materials | Evolved 2 slots: Propulsion x1, Utility x1 1052 | -9/Materials | Loaded intel: 12 trap records 1066 | -9/Materials | Discovered new exit (range 11) 1553 | -9/Materials | Central database locked down 1660 | -9/Materials | Build established: Scavenger-Mutant 1779 | -9/Materials | Identified exit to Mines 1779 | -9/Materials | Identified exit to Storage 1779 | -9/Materials | Discovered new exit (range 17) 1916 | -9/Materials | Entered Mines 1955 | -9/Mines | A weapon hastily lodged in a ceiling crevice suddenly fell to the ground 2188 | -9/Mines | Deemed a non-threat by the Exiles lab entrance 2188 | -9/Mines | Discovered new exit (range 5) 2195 | -9/Mines | Entered Exiles 2234 | -9/Exiles | Met 8R-AWN 2258 | -9/Exiles | Met EX-HEX 2360 | -9/Exiles | Met EX-BIN 2378 | -9/Exiles | Aligned with FarCom system 2379 | -9/Exiles | Given EX-Vault access code 2418 | -9/Exiles | Opened EX-Vault 2430 | -9/Exiles | Found Gui. Plasma Cannon 2465 | -9/Exiles | Warned to stay clear of 0b10 Research branches 2511 | -9/Exiles | Met EX-DEC 2599 | -9/Exiles | Discovered new exit (range 10) 2612 | -9/Exiles | Left Exiles lab with Gui. Plasma Cannon 2612 | -9/Exiles | Entered Mines 2628 | -8/Mines | Discovered new exit (range 11) 2663 | -8/Mines | Entered Materials 2663 | -8/Materials | Evolved 2 slots: Utility x1, Weapon x1 2664 | -8/Materials | Identified exit to Factory 2892 | -8/Materials | Destroyed 7 combat bots 3263 | -8/Materials | Garrison activated, responded to threat 3331 | -8/Materials | Identified exit to Garrison 3703 | -8/Materials | Central database locked down 3913 | -8/Materials | Entered Garrison 3921 | -8/Garrison | Installed Relay Interface Framework 3978 | -8/Garrison | Triggered checkpoint 4038 | -8/Garrison | Discovered new exit (range 12) 4057 | -8/Garrison | Entered Materials 4107 | -8/Materials | Build established: Scavenger-Skirmisher 4229 | -8/Materials | Discovered exit to Factory (range 3) 4232 | -8/Materials | Entered Factory 4232 | -7/Factory | Evolved 2 slots: Utility x1, Weapon x1 4610 | -7/Factory | Discovered new exit (range 11) 5382 | -7/Factory | Discovered new exit (range 8) 5660 | -7/Factory | Build established: Mutant 5737 | -7/Factory | Repaired Broken Adv. Terrain Scanner? 5869 | -7/Factory | Fabricated Transmission Jammer? 6487 | -7/Factory | Entered another Factory area 6487 | -6/Factory | Evolved 2 slots: Propulsion x1, Utility x1 6687 | -6/Factory | Discovered new exit (range 12) 7099 | -6/Factory | Build established: Hauler-Skirmisher 7209 | -6/Factory | Identified exit to Factory 7209 | -6/Factory | Entered another Factory area 7209 | -5/Factory | Evolved 2 slots: Utility x2 7651 | -5/Factory | Discovered new exit (range 11) 7677 | -5/Factory | Identified exit to Upper Caves 8268 | -5/Factory | Entered Upper Caves 8477 | -5/Upper Caves | Build established: Hauler-Mutant 8602 | -5/Upper Caves | Attracted the attention of an 0b10 checkpoint 8870 | -5/Upper Caves | Build established: Hauler-Skirmisher 8947 | -5/Upper Caves | Learned Factory terminal intel 8951 | -5/Upper Caves | Discovered new exit (range 14) 8997 | -5/Upper Caves | Identified exit to Upper Caves 8999 | -5/Upper Caves | Entered another Upper Caves area 9153 | -5/Upper Caves | Discovered new exit (range 12) 9216 | -5/Upper Caves | Attracted the attention of an 0b10 checkpoint 9589 | -5/Upper Caves | Discovered new exit (range 14) 9607 | -5/Upper Caves | Identified exit to Warlord 9797 | -5/Upper Caves | Identified exit to Factory 9798 | -5/Upper Caves | Entered Factory 9798 | -4/Factory | Evolved 2 slots: Utility x1, Weapon x1 9799 | -4/Factory | Loaded intel: 22 terminal locations 9888 | -4/Factory | Found Imp. Powered Armor 10570 | -4/Factory | Identified exit to Upper Caves 10570 | -4/Factory | Identified exit to Extension 10570 | -4/Factory | Identified exit to Armory 10658 | -4/Factory | Found Prototype Hackware 11037 | -4/Factory | Entered Upper Caves 11156 | -4/Upper Caves | Spotted B-86 Titan 11166 | -4/Upper Caves | Destroyed 9 combat bots 11318 | -4/Upper Caves | Learned 4 Research zone layouts 11422 | -4/Upper Caves | Build established: Hauler-Mutant 11501 | -4/Upper Caves | Discovered new exit (range 11) 11538 | -4/Upper Caves | Identified exit to Upper Caves 11540 | -4/Upper Caves | Entered another Upper Caves area 11572 | -4/Upper Caves | Learned location of 1 exit from Research 11676 | -4/Upper Caves | Spotted B-86 Titan 11705 | -4/Upper Caves | Destroyed B-86 Titan 11733 | -4/Upper Caves | Lost 3 parts (2n1w) 11842 | -4/Upper Caves | Discovered new exit (range 16) 11893 | -4/Upper Caves | Learned Research garrison access intel 12000 | -4/Upper Caves | Identified exit to Zhirov 12002 | -4/Upper Caves | Entered Zhirov 12002 | -4/Zhirov | Discovered new exit (range 3) 12032 | -4/Zhirov | Met Zhirov 12051 | -4/Zhirov | Build established: Scavenger-Mutant 12067 | -4/Zhirov | Found Alien Artifact 12067 | -4/Zhirov | Identified Integrated Dissipator 12067 | -4/Zhirov | Installed Integrated Dissipator, increased core heat dissipation (+20) 12171 | -4/Zhirov | Learned location of Quarantine (-2) 12171 | -4/Zhirov | Learned location of Testing (-3) 12179 | -4/Zhirov | Zhirov requested help retrieving the SGEMP Prototype 12225 | -4/Zhirov | Identified exit to Proximity Caves 12227 | -4/Zhirov | Entered Proximity Caves 12828 | -3/Proximity Caves | Discovered new exit (range 12) 12854 | -3/Proximity Caves | Identified exit to Research 12855 | -3/Proximity Caves | Entered Research 12855 | -3/Research | Evolved 2 slots: Utility x2 12856 | -3/Research | Identified exit to Testing 12857 | -3/Research | Identified exit to Research 12858 | -3/Research | Loaded intel: 4 garrison access locations 13153 | -3/Research | Identified Exp. System Shield 13238 | -3/Research | Fabricated Exp. Optical Array? 13265 | -3/Research | Local fabrication network quarantined 13318 | -3/Research | Destroyed 7 combat bots 13322 | -3/Research | Lost 5 parts (5w) 13453 | -3/Research | Build established: Hauler-Skirmisher 13619 | -3/Research | Lost 3 parts (2n1w) 13855 | -3/Research | First assault squad dispatched 13988 | -3/Research | Self-destructed Last Messages --------------- 13955_ R-10 Processor collects Hvy. Armor Plating. 13957_ L-61 Swordsman destroyed. 13958_ R-10 Processor collects Med. Treads. 13961_ Acquired 35 matter. 13961_ Acquired 48 matter. 13961_ Acquired 12 matter. 13961_ Acquired 37 matter. 13962_ Ended siege mode. 13963_ R-10 Processor collects Lgt. Quantum Reactor. 13981_ C-30 ARC bursts open, deploying its payload. 13981_ B-74 Champion unfolds itself. 13981_ L-61 Swordsman unfolds itself. 13982_ E-15 Imp destroyed. 13982_ Slug penetrates G-67 Veteran. 13982_ Slug penetrates Door. 13985_ Activated siege mode. 13985_ Adv. Armor Integrity Analyzer destroyed. 13985_ System corrupted by crushing effect (+3). 13985_ Slug penetrates L-61 Swordsman. 13986_ The unstable cave ceiling collapses. Map ----- +----------------------------------------------------+ | ????????????????????????+ + ? # | | ???????????????????? ? # # # | | ??????????????????????? #? # # | | ????????????????????? ?#? ####??# | | ?????????????????#??? ?? ?? ####### | | ???????????????????? # ###### | | ????????????????###?####? ?? ##??## | | ??????????????? ?###?#?#??#?###### ###?## | | ???????????????????#????#?##????## ###### | | ?????????????#??###?#?### ######?# | | ?????????????????#?###?# ?######+########### | | ?????????????????? ??? ??Y #### ########## | | ???????????? ???#####??# ##?# # """ # | | ??????????????????#??###??##### + """" # | | ??????????????????#####???##### # """" # | | ?????????? ?? ? ???##?#?###??## # """ # | | ???????? ? ??????#???#######?# # # | | ???????????????????#?##?###?#?# # ] # | | ?????????#? ????#???######?##?####### # | | ??????????????????#??#??##??##?###### R ; | | ???????????? ???#?###############?#?# # | | ?????????????????#?# """" ####### #### | | ?????????#????#????# ""S"" # # ### | | ????????#?????# ??## "" "" /# ! # % ### | | ?????????# ? ?????## l*gR *% h | | ???????????????????# @bg%# [% % | | ??????????? ?? ##?# # ! %! #A | | ???????????????????# # # | | ???????????????????# ### # ### ! # | | ????????????????##?###########?# #?##??## ! # | | ?????????##??????????#????######+######## # | | ??????????#? #???????##???## # + | | ??????????????????????#????# ! # # | | ???????????# ?#?#??????#???# ""G"" # # | | ??????????????#??????#??#??# " " # # | | ???????????????????? ? ????# # # | | ??????????????? ????? ?????# ###### | | ???????????????????? ? #???# # # | | ??????????????"????????#???# """ """ # / | | ???????????????????????????# """ """ # # | | ???????????????"????????#??#= """ """ # # | | ???????????????????????#?#?# # # | | ???????????????????????????# ###### | | ??????????????????????????########+########### " | | ?????????????????????w????? ?????????????????????? | | ????????????????????????? ???????????????????????? | | ?????????????????????????????????????????????????? | | ?????????????????????????????????????????????????? | | ?????????????????????????????????????????????????? | | ?????????????????????????????????????????????????? | +----------------------------------------------------+ Best States ------------- Heat Dissipation 116 Coolant Potential 120 Energy Generation 25 Energy Capacity 970 Matter Stores 300 Matter Capacity 300 Sight Range 23 Robot Scan Range 16 Terrain Scan Range 20 Terrain Scan Density 210 Jamming Range 12 Armor Coverage 400 Power Shielding 66 Propulsion Shielding 66 Weapon Shielding 66 Weapon Cycling 20 Evasion (%) 50 Armor Integrity Analysis 66 Recoil Reduction 4 Kinecelleration 40 Offensive Hacking 12 Defensive Hacking 20 Item Schematics ----------------- Transmission Jammer | -8/Materials | Scanalyzed Assault Drone Bay | -4/Zhirov | Free Exp. Heat Sink | -4/Zhirov | Free Exp. Optical Array | -4/Zhirov | Free Imp. Arc Thrower | -4/Zhirov | Free Robot Schematics ------------------ None Fabricated ------------ Transmission Jammer | x1 | -7/Factory Exp. Optical Array | x1 | -3/Research Alien Tech Used ----------------- Integrated Dissipator Achievements -------------- None Challenges ------------ None Game ------ Seed WardroneNodeAccelerator Manual? 0 Play Time 03:47:03 Cumulative 442.4 hours Start 2021.12.24 @ 22:29:42 End 2021.12.26 @ 17:28:44 Sessions 15 Manual Loads 0 Difficulty Rogue Special Mode None Game No. 215 Rogue 90 Adventurer 123 Explorer 2 Win Type - Total 36 Types 30/3/1/0/1/0/0/0/1 Lore% 59 Gallery% 83 Achievement% 62 Wizard Run 0 Options --------- ASCII 0 Keyboard 1 Movement Numpad Keybinds 0 Fullscreen 1 Font 36/TerminusFine Map View 76x50 Tactical HUD 1 Map Filters NONE Filters NONE Steam 1 RUN: 20784819-3067-458a-9beb-9dc711bf49b8